 Dungeon Crawl Stone Soup version 0.28-a0-167-g7eff39e849 (webtiles) character file.

Game seed: 17389921039046640259

86 Grimdewalt the Covered (level 4, -2/29 HPs)
             Began as a Gargoyle Fighter on Aug 16, 2021.
             Killed from afar by Natasha (3 damage)
             ... with a magic dart
             ... on level 3 of the Dungeon.
             The game lasted 00:02:36 (2599 turns).

Grimdewalt the Covered (Gargoyle Fighter)           Turns: 2599, Time: 00:02:36

Health: -2/29      AC: 10    Str: 21    XL:     4   Next: 50%
Magic:  4/4        EV:  7    Int:  8    God:
Gold:   71         SH:  8    Dex:  9    Spells: 3/3 levels left

rFire   . . .      SeeInvis .   a - +0 flail
rCold   . . .      Faith    .   c - +0 kite shield
rNeg    + . .      Spirit   .   b - +0 scale mail
rPois   ∞          Reflect  .   (no helmet)
rElec   +          Harm     .   j - scarf {+Inv}
rCorr   .          Rampage  .   (no gloves)
Will    .....                   (no boots)
Stlth   ..........              (no amulet)
HPRegen 0.09/turn               (no ring)
MPRegen 0.09/turn               (no ring)

@: no status effects
A: sickness immunity, AC +3, negative energy resistance 1, electricity
resistance, torment resistance 1, petrification resistance
a: Evoke Invisibility


You were on level 3 of the Dungeon.
You visited 1 branch of the dungeon, and saw 3 of its levels.

You collected 71 gold pieces.

Inventory:

Hand Weapons
 a - a +0 flail (weapon)
Armour
 b - a +0 scale mail (worn)
 c - a +0 kite shield (worn)
 j - a scarf of invisibility (worn)
 l - a +0 tower shield
Scrolls
 e - 3 scrolls of teleportation {unknown}
 f - a scroll of enchant armour {unknown}
 i - a scroll of fear {unknown}
 k - a scroll of torment {unknown}
Potions
 d - a potion of might
 g - a potion of lignification {unknown}
 h - a potion of degeneration {unknown}
 m - a potion of curing {unknown}
 n - a potion of heal wounds {unknown}


   Skills:
 + Level 4.0 Fighting
 + Level 2.8 Maces & Flails
 + Level 4.0 Armour
 + Level 4.0 Shields


You had 3 spell levels left.
You didn't know any spells.
Your spell library was empty.

Dungeon Overview and Level Annotations

Branches:
Dungeon (3/15)

Altars:
Dithmenos
Ru
Wu Jian
Zin

Annotations:
D:3 Natasha


Innate Abilities, Weirdness & Mutations

You are immune to sickness and miasma.
Your stone body is resilient. (AC +3)
You are immune to poison.
You resist negative energy. (rN+)
You are resistant to electric shocks. (rElec)
You are resistant to unholy torment.
You are immune to petrification.


Message History

Natasha is lightly wounded.
Natasha claws you but does no damage. The kobold hits you but does no damage.
You block Natasha's attack.
You sock Natasha!
Natasha is almost dead.
The kobold hits you but does no damage.
Natasha mumbles some strange words.
The kobold barely misses you.
You closely miss Natasha.
Natasha is almost dead.
Natasha mumbles some strange words.
The kobold hits you but does no damage.
You closely miss Natasha.
Natasha is almost dead.
Natasha mumbles some strange words.
The kobold hits you with a +0 club. Natasha claws you. The iron imp hits you.
You block the kobold's attack.
You hit Natasha.
Natasha is almost dead.
You block the crimson imp's attack. Natasha closely misses you.
The iron imp hits you. The kobold hits you but does no damage.
The crimson imp hits you.
You are too injured to fight recklessly!
You are too injured to fight recklessly!
You are too injured to fight recklessly!
You are too injured to fight recklessly!
You are too injured to fight recklessly!
You barely miss Natasha.
Natasha is almost dead.
You block Natasha's attack. The kobold closely misses you.
The crimson imp hits you.
* * * LOW HITPOINT WARNING * * *
The iron imp closely misses you. Natasha claws you.
* * * LOW HITPOINT WARNING * * *
You barely miss Natasha.
Natasha is almost dead.
The kobold closely misses you.
The crimson imp grinds its teeth.
The crimson imp blinks!
You block Natasha's attack. The iron imp closely misses you.
The kobold completely misses you.
You hit Natasha but do no damage.
Natasha is almost dead.
Natasha stares at you and mumbles some strange words.
The magic dart hits you.
* * * LOW HITPOINT WARNING * * *
You block the iron imp's attack. The kobold completely misses you.
The iron imp closely misses you.
Natasha stares at you and mumbles some strange words.
The magic dart hits you.
You die...

###.......##..#
..#....#####.##
#.#.#### #..#
#.#.# ####
####.#.#####
............#
##.##.#...###
#.#5..### .
#.@...# ##
#5Kh..# #.5...#
......#
#####..# ..#
..# ..#


You could see 2 iron imps, Natasha, a crimson imp (summoned) and a kobold.

Vanquished Creatures
  3 gnolls (D:2)
  2 adders (D:2)
  2 dart slugs (D:1)
  A worm (D:2)
  An endoplasm (D:1)
  3 giant cockroaches
  8 goblins
  3 jackals (D:1)
  4 kobolds
  2 quokkas (D:1)
  A ball python (D:1)
  3 bats
  A frilled lizard (D:1)
  A rat (D:2)
35 creatures vanquished.

Vanquished Creatures (others)
  A fungus (D:1)
1 creature vanquished.

Grand Total: 36 creatures vanquished

Notes
Turn   | Place    | Note
-------+----------+-------------------------------------------
     0 | D:1      | Grimdewalt the Gargoyle Fighter began the quest for the
                  | Orb.
     0 | D:1      | Reached XP level 1. HP: 14/14 MP: 1/1
   438 | D:1      | Reached XP level 2. HP: 18/19 MP: 2/2
  1025 | D:1      | Reached XP level 3. HP: 21/23 MP: 3/3
  1929 | D:2      | Reached XP level 4. HP: 19/29 MP: 4/4
  2538 | D:3      | Found a shadowy altar of Dithmenos.
  2538 | D:3      | Found a glowing silver altar of Zin.
  2543 | D:3      | Found an ornate altar of the Wu Jian Council.
  2543 | D:3      | Found a sacrificial altar of Ru.
  2587 | D:3      | Noticed Natasha
  2599 | D:3      | HP: 1/29 [Natasha/magic dart (3)]
  2599 | D:3      | Killed from afar by Natasha

Illustrated notes

Levels and vault maps discovered:
D:1:      dpeg_cavernosity, layout_loops_ring, hangedman_decor_push
D:2:      layout_loops_corners, minmay_heptomino_d4
D:3:      layout_loops_cross, grunt_temple_overflow_open, serial_aquarium,
          aquarium_bridge_square [aquarium_subvault_wall,
          aquarium_subvault_bridge, aquarium_subvault_window,
          aquarium_subvault_bridge], aquarium_bridge_square
          [aquarium_subvault_wall, aquarium_subvault_wall,
          aquarium_subvault_wall, aquarium_subvault_bridge],
          aquarium_window_fake, aquarium_window_1, aquarium_view_2c,
          aquarium_view_2g, aquarium_balcony_1b, uniq_natasha,
          uniq_crazy_yiuf_cottage

Skill      XL: |  1  2  3  4 |
---------------+-------------+-----
Armour         | 4 |  4.0
Fighting       | 4 |  4.0
Shields        | 4 |  4.0
Maces & Flails | |  2.8

Action                   |  1- 3 |  4- 6 || total
-------------------------+-------+-------++-------
Melee: Flail             |    91 |    36 ||   127
Armor: Scale mail        |    44 |    20 ||    64
Dodge: Dodged            |    25 |    21 ||    46
Block: Kite shield       |    45 |    23 ||    68

Table legend: (Time is in decaauts)
 A = Elapsed time spent in this place.
 B = Non-inter-level travel time spent in this place.
 C = Inter-level travel time spent in this place.
 D = Time resting spent in this place.
 E = Time spent auto-exploring this place.
 F = Levels seen in this place.
 G = Mean time per level.
                   A        B        C        D        E       F      G
               +--------+--------+--------+--------+--------+-----+--------+
         Total |   2663 |   2469 |    194 |      0 |   2138 |   3 |  887.7 |
       Dungeon |   2663 |   2469 |    194 |      0 |   2138 |   3 |  887.7 |
               +--------+--------+--------+--------+--------+-----+--------+

Top non-repeatable levels by time:
     D:1: 1554 daAuts
     D:2: 1031 daAuts
     D:3: 77 daAuts
